MLB
CLEVELAND GUARDIANS @ HOUSTON ASTROS
08/09/2047
 
TOP OF THE 1ST
Cleveland Guardians batting - Pitching for Houston Astros : LHP Mat Pear
Pitching: LHP Mat Pear
Batting: LHB Arvin Dungca 0-0: Ball
1-0: Called Strike
1-1: Fly out, F9 (Flyball, 9D, EV 101.9 MPH)
Batting: RHB Jasper Burd 0-0: Called Strike
0-1: Ball
1-1: Foul Ball, location: 2F
1-2: Foul Ball, location: 2F
1-2: Ball
2-2: Ground out 6-3 (Groundball, 6, EV 83.1 MPH)
Batting: RHB Nick Ogle 0-0: Called Strike
0-1: Ball
1-1: Swinging Strike
1-2: Ground out 6-3 (Groundball, 6, EV 84.4 MPH)
Top of the 1st over - 0 runs, 0 hits, 0 errors, 0 left on base; Cleveland 0 - Houston 0
BOTTOM OF THE 1ST
Houston Astros batting - Pitching for Cleveland Guardians : RHP Gabe Baxter
Pitching: RHP Gabe Baxter
Batting: RHB Jeremy Trump 0-0: Ball
1-0: DOUBLE (Groundball, 3L, EV 98.1 MPH)
Batting: RHB Josh Froyd 0-0: Ball
1-0: Swinging Strike
1-1: Ball
2-1: Swinging Strike
2-2: Ball
3-2: Strikes out looking
Batting: SHB Joe Gardner 0-0: Ground out 4-3 (Groundball, 4, EV 83.8 MPH)
Jeremy Trump to third
Batting: LHB Angelo Vasquez 0-0: Called Strike
0-1: Swinging Strike
0-2: Ground out U3 (Groundball, 3, EV 78.1 MPH)
Bottom of the 1st over - 0 runs, 1 hit, 0 errors, 1 left on base; Cleveland 0 - Houston 0
TOP OF THE 2ND
Cleveland Guardians batting - Pitching for Houston Astros : LHP Mat Pear
Batting: RHB Christian Blue 0-0: Swinging Strike
0-1: Foul Ball, location: 2F
0-2: Strikes out looking
Batting: RHB Cody Flowers 0-0: Ball
1-0: Foul Ball, location: 2F
1-1: SINGLE (Flyball, 4MD, EV 90.6 MPH)
Batting: RHB Solange Le Coq 0-0: SINGLE (Groundball, 6S, EV 73.8 MPH) (infield hit)
Cody Flowers to second
Batting: LHB Corey Trevor 0-0: Swinging Strike
0-1: Ball
1-1: Ball
2-1: Foul Ball, location: 2F
2-2: Foul Ball, location: 2F
2-2: Strikes out swinging
Batting: LHB Joseph Martin 0-0: Called Strike
0-1: Ball
1-1: Swinging Strike
1-2: Ball
2-2: Ball
3-2: Strikes out swinging
Top of the 2nd over - 0 runs, 2 hits, 0 errors, 2 left on base; Cleveland 0 - Houston 0
BOTTOM OF THE 2ND
Houston Astros batting - Pitching for Cleveland Guardians : RHP Gabe Baxter
Batting: RHB Elijah Hunter 0-0: Called Strike
0-1: DOUBLE (Flyball, 8RXD, EV 100.6 MPH)
Batting: RHB Eric Chotkowski 0-0: Called Strike
0-1: Swinging Strike
0-2: Strikes out swinging
Batting: LHB Chris Cabrera 0-0: Ball
1-0: Ball
2-0: Called Strike
2-1: Foul Ball, location: 2F
2-2: Foul Ball, location: 2F
2-2: Ground out 1-3 (Groundball, P, EV 70.6 MPH)
Elijah Hunter to third
Batting: RHB Antonio Aranda 0-0: Ball
1-0: Ball
2-0: Ball
3-0: Called Strike
3-1: Base on Balls
Batting: SHB Troy Kenyon 0-0: Ball
1-0: Ball
2-0: Ball
3-0: Called Strike
3-1: Called Strike
3-2: Ground out 5-3 (Groundball, 56, EV 104.4 MPH)
Bottom of the 2nd over - 0 runs, 1 hit, 0 errors, 2 left on base; Cleveland 0 - Houston 0
TOP OF THE 3RD
Cleveland Guardians batting - Pitching for Houston Astros : LHP Mat Pear
Batting: LHB Zion Davidson 0-0: Ball
1-0: Foul Ball, location: 2F
1-1: Swinging Strike
1-2: Strikes out swinging
Batting: LHB Arvin Dungca 0-0: Ball
1-0: Ball
2-0: Swinging Strike
2-1: SINGLE (Line Drive, 89S, EV 105.0 MPH)
Batting: RHB Jasper Burd 0-0: Ball
1-0: Ball
2-0: SINGLE (Groundball, 3D, EV 96.2 MPH)
Arvin Dungca to second
Runner from 2nd tries for 3rd, SAFE, throw by RF made to third
Batting: RHB Nick Ogle 0-0: Called Strike
0-1: Swinging Strike
0-2: Ball
Wild Pitch!
Arvin Dungca scores
Jasper Burd to second
1-2: Ball
2-2: Ball
3-2: Strikes out swinging
Batting: RHB Christian Blue 0-0: Called Strike
0-1: Ball
1-1: Fly out, F8 (Line Drive, 8RM, EV 100.6 MPH)
Top of the 3rd over - 1 run, 2 hits, 0 errors, 1 left on base; Cleveland 1 - Houston 0
BOTTOM OF THE 3RD
Houston Astros batting - Pitching for Cleveland Guardians : RHP Gabe Baxter
Batting: RHB Jeremy Trump 0-0: Foul Ball, location: 2F
0-1: Ball
1-1: Ball
2-1: SINGLE (Groundball, 6MS, EV 73.1 MPH) (infield hit)
Batting: RHB Josh Froyd 0-0: Ball
1-0: Ball
2-0: Foul Ball, location: 2F
2-1: Grounds into double play, 4-6-3 (Groundball, 4, EV 101.2 MPH)
Batting: SHB Joe Gardner 0-0: Called Strike
0-1: Foul Ball, location: 2F
0-2: Foul Ball, location: 2F
0-2: Strikes out swinging
Bottom of the 3rd over - 0 runs, 1 hit, 0 errors, 0 left on base; Cleveland 1 - Houston 0
TOP OF THE 4TH
Cleveland Guardians batting - Pitching for Houston Astros : LHP Mat Pear
Batting: RHB Cody Flowers 0-0: Ball
1-0: Swinging Strike
1-1: Ball
2-1: Foul Ball, location: 2F
2-2: Ball
3-2: SINGLE (Groundball, 56D, EV 100.6 MPH)
Batting: RHB Solange Le Coq 0-0: Ball
1-0: Foul Ball, location: 2F
1-1: Ball
2-1: Foul Ball, location: 2F
2-2: Ball
3-2: Base on Balls
Cody Flowers to second
Batting: LHB Corey Trevor 0-0: Ball
1-0: Fly out, F9 (Flyball, 9LD, EV 108.1 MPH)
Runner from 2nd tags up, SAFE at 3rd, no throw by RF
Batting: LHB Joseph Martin 0-0: Swinging Strike
0-1: Foul Ball, location: 2F
0-2: Ball
1-2: Strikes out swinging
Batting: LHB Zion Davidson 0-0: Swinging Strike
0-1: Ball
1-1: Swinging Strike
1-2: Strikes out looking
Top of the 4th over - 0 runs, 1 hit, 0 errors, 2 left on base; Cleveland 1 - Houston 0
BOTTOM OF THE 4TH
Houston Astros batting - Pitching for Cleveland Guardians : RHP Gabe Baxter
Batting: LHB Angelo Vasquez 0-0: Foul Ball, location: 2F
0-1: Called Strike
0-2: Strikes out swinging
Batting: RHB Elijah Hunter 0-0: Fly out, F6 (Popup, 6, EV 56.2 MPH)
Batting: RHB Eric Chotkowski 0-0: Ball
1-0: Fly out, F3 (Popup, 3SF, EV 62.5 MPH)
Bottom of the 4th over - 0 runs, 0 hits, 0 errors, 0 left on base; Cleveland 1 - Houston 0
TOP OF THE 5TH
Cleveland Guardians batting - Pitching for Houston Astros : LHP Mat Pear
Batting: LHB Arvin Dungca 0-0: Called Strike
0-1: Ball
1-1: Ball
2-1: SINGLE (Groundball, 34D, EV 103.8 MPH) (infield hit)
Batting: RHB Jasper Burd 0-0: Foul Ball, location: 2F
0-1: Ball
1-1: Fly out, F8 (Flyball, 89D, EV 86.9 MPH)
Batting: RHB Nick Ogle 0-0: Foul Ball, location: 2F
Pickoff Throw to First - Out! 1-3
0-1: Ball
1-1: Ball
2-1: Ball
3-1: Base on Balls
Batting: RHB Christian Blue 0-0: Swinging Strike
0-1: Ball
1-1: Ball
2-1: Foul Ball, location: 2F
2-2: Strikes out swinging
Top of the 5th over - 0 runs, 1 hit, 0 errors, 1 left on base; Cleveland 1 - Houston 0
BOTTOM OF THE 5TH
Houston Astros batting - Pitching for Cleveland Guardians : RHP Gabe Baxter
Batting: LHB Chris Cabrera 0-0: Foul Ball, location: 2F
0-1: Fly out, F7 (Flyball, 7, EV 98.1 MPH)
Batting: RHB Antonio Aranda 0-0: Foul Ball, location: 2F
0-1: Ground out 5-3 (Groundball, 56, EV 84.4 MPH)
Batting: SHB Troy Kenyon 0-0: Foul Ball, location: 2F
0-1: Ball
1-1: Swinging Strike
1-2: Foul Ball, location: 2F
1-2: Foul Ball, location: 2F
1-2: Foul Ball, location: 2F
1-2: Strikes out swinging, 2-3 out at first.
Bottom of the 5th over - 0 runs, 0 hits, 0 errors, 0 left on base; Cleveland 1 - Houston 0
TOP OF THE 6TH
Cleveland Guardians batting - Pitching for Houston Astros : LHP Mat Pear
Batting: RHB Cody Flowers 0-0: Fly out, F8 (Flyball, 8LXD, EV 92.5 MPH)
Batting: RHB Solange Le Coq 0-0: Swinging Strike
0-1: Ball
1-1: Ball
2-1: Ball
3-1: SINGLE (Line Drive, 4MD, EV 101.2 MPH)
Batting: LHB Corey Trevor 0-0: Called Strike
0-1: Swinging Strike
0-2: Foul Ball, location: 2F
0-2: Fly out, F8 (Flyball, 8RM, EV 90.6 MPH)
Pitching: RHP Paul Schwartz
Batting: LHB Joseph Martin 0-0: Ball
1-0: Ground out 4-3 (Groundball, 34, EV 88.8 MPH)
Top of the 6th over - 0 runs, 1 hit, 0 errors, 1 left on base; Cleveland 1 - Houston 0
BOTTOM OF THE 6TH
Houston Astros batting - Pitching for Cleveland Guardians : RHP Gabe Baxter
Batting: RHB Jeremy Trump 0-0: Called Strike
0-1: Foul Ball, location: 2F
0-2: Foul Ball, location: 2F
0-2: Foul Ball, location: 2F
0-2: SINGLE (Groundball, 6MD, EV 107.5 MPH)
Batting: RHB Josh Froyd 0-0: Ball
1-0: SINGLE (Groundball, 6M, EV 103.1 MPH) (infield hit)
Jeremy Trump to second
Batting: SHB Joe Gardner 0-0: Fly out, F3 (Popup, 3F, EV 75.6 MPH)
Batting: LHB Angelo Vasquez 0-0: Foul Ball, location: 2F
0-1: Ball
1-1: Swinging Strike
1-2: Strikes out swinging
Batting: RHB Elijah Hunter 0-0: Ground out 6-3 (Groundball, 6MS, EV 68.1 MPH)
Bottom of the 6th over - 0 runs, 2 hits, 0 errors, 2 left on base; Cleveland 1 - Houston 0
TOP OF THE 7TH
Cleveland Guardians batting - Pitching for Houston Astros : RHP Paul Schwartz
Batting: LHB Zion Davidson 0-0: Ball
1-0: Called Strike
1-1: Ball
2-1: Ball
3-1: Foul Ball, location: 2F
3-2: Strikes out swinging
Batting: LHB Arvin Dungca 0-0: Ball
1-0: Foul Ball, location: 2F
1-1: Swinging Strike
1-2: Ball
2-2: Strikes out swinging
Batting: RHB Jasper Burd 0-0: Foul Ball, location: 2F
0-1: Foul Ball, location: 2F
0-2: Ground out 4-3 (Groundball, 4, EV 82.5 MPH)
Top of the 7th over - 0 runs, 0 hits, 0 errors, 0 left on base; Cleveland 1 - Houston 0
BOTTOM OF THE 7TH
Houston Astros batting - Pitching for Cleveland Guardians : RHP Gabe Baxter
Batting: RHB Eric Chotkowski 0-0: Ball
1-0: Swinging Strike
1-1: Ball
2-1: Foul Ball, location: 2F
2-2: Ground out 6-3 (Groundball, 6, EV 79.4 MPH)
Batting: LHB Chris Cabrera 0-0: Hit by Pitch
Batting: RHB Antonio Aranda 0-0: Ball
1-0: Ball
2-0: Fly out, F8 (Line Drive, 8RM, EV 109.4 MPH)
Batting: SHB Troy Kenyon 0-0: Ball
1-0: Ball
2-0: Called Strike
2-1: Ball
3-1: Swinging Strike
3-2: SINGLE (Groundball, 34D, EV 107.5 MPH)
Chris Cabrera to second
Chris Cabrera to third
Batting: RHB Jeremy Trump 0-0: Fly out, F7 (Line Drive, 78S, EV 91.9 MPH)
Bottom of the 7th over - 0 runs, 1 hit, 0 errors, 2 left on base; Cleveland 1 - Houston 0
TOP OF THE 8TH
Cleveland Guardians batting - Pitching for Houston Astros : RHP Paul Schwartz
Batting: RHB Nick Ogle 0-0: Ball
1-0: Called Strike
1-1: Ball
2-1: Foul Ball, location: 2F
2-2: Ball
3-2: SINGLE (Groundball, 6MD, EV 107.5 MPH)
Batting: RHB Christian Blue 0-0: Foul Ball, location: 2F
0-1: Swinging Strike
0-2: Ball
1-2: Ball
2-2: Foul Ball, location: 2F
2-2: Ball
3-2: Strikes out swinging
Batting: RHB Cody Flowers 0-0: Called Strike
0-1: DOUBLE (Line Drive, 8LXD, EV 108.8 MPH)
Nick Ogle to third
Runner from 3rd tries for Home, SAFE, no throw by CF
Batting: RHB Solange Le Coq 0-0: Ball
1-0: Ball
2-0: Called Strike
2-1: Reached on error, E5 (Groundball, 56, EV 97.5 MPH)
Cody Flowers scores
Batting: LHB Corey Trevor 0-0: Intentional Walk
Batting: LHB Joseph Martin 0-0: Grounds out, U3 (Groundball, 3L, EV 86.2 MPH)
Solange Le Coq to third
Batting: LHB Zion Davidson 0-0: Ball
1-0: Called Strike
1-1: Ground out 5-3 (Groundball, 56, EV 85.6 MPH)
Top of the 8th over - 2 runs, 2 hits, 1 error, 2 left on base; Cleveland 3 - Houston 0
BOTTOM OF THE 8TH
Houston Astros batting - Pitching for Cleveland Guardians : RHP Gabe Baxter
Batting: RHB Josh Froyd 0-0: Foul Ball, location: 2F
0-1: Fly out, F9 (Line Drive, 89M, EV 88.1 MPH)
Batting: SHB Joe Gardner 0-0: Called Strike
0-1: Called Strike
0-2: Ground out 4-3 (Groundball, 4, EV 86.2 MPH)
Batting: LHB Angelo Vasquez 0-0: Called Strike
0-1: Swinging Strike
0-2: Strikes out swinging
Bottom of the 8th over - 0 runs, 0 hits, 0 errors, 0 left on base; Cleveland 3 - Houston 0
TOP OF THE 9TH
Cleveland Guardians batting - Pitching for Houston Astros : RHP Paul Schwartz
Pitching: RHP Arturo Vargas
Batting: LHB Arvin Dungca 0-0: Called Strike
0-1: Ball
1-1: Ground out 4-3 (Groundball, 34, EV 105.0 MPH)
Batting: RHB Jasper Burd 0-0: Ball
1-0: Ball
2-0: Ball
3-0: Called Strike
3-1: Base on Balls
Batting: RHB Nick Ogle 0-0: Called Strike
0-1: Foul Ball, location: 2F
0-2: Foul Ball, location: 2F
0-2: Strikes out swinging
Batting: RHB Christian Blue 0-0: Called Strike
0-1: Ball
1-1: Called Strike
1-2: Foul Ball, location: 2F
1-2: Foul Ball, location: 2F
1-2: Fielders Choice at 2nd, 6-4 (Groundball, 6, EV 108.8 MPH)
Top of the 9th over - 0 runs, 0 hits, 0 errors, 1 left on base; Cleveland 3 - Houston 0
BOTTOM OF THE 9TH
Houston Astros batting - Pitching for Cleveland Guardians : RHP Gabe Baxter
Pitching: RHP Drew Rickelman
Batting: RHB Elijah Hunter 0-0: SINGLE (Groundball, P, EV 78.8 MPH) (infield hit)
Batting: RHB Eric Chotkowski 0-0: Ball
1-0: Ball
2-0: Foul Ball, location: 2F
2-1: Ball
3-1: SINGLE (Popup, 56D, EV 64.4 MPH)
Elijah Hunter to second
Batting: LHB Chris Cabrera 0-0: Ball
1-0: Called Strike
1-1: Ball
2-1: Foul Ball, location: 2F
2-2: SINGLE (Groundball, 4M, EV 97.5 MPH) (infield hit)
Elijah Hunter to third
Eric Chotkowski to second
Pinch Hitting: LHB Bryce Hill 0-0: Called Strike
0-1: Ball
1-1: Ball
2-1: Fly out, F6 (Line Drive, 6M, EV 70.6 MPH)
Lined into DP, U6 (Line Drive, 6M, EV 68.8 MPH)
Batting: SHB Troy Kenyon 0-0: Called Strike
0-1: Foul Ball, location: 2F
0-2: SINGLE (Groundball, P, EV 89.4 MPH) (infield hit)
Elijah Hunter scores
Chris Cabrera to second
Batting: RHB Jeremy Trump 0-0: Called Strike
0-1: Ball
1-1: Ball
2-1: Ball
3-1: Hit by Pitch
Chris Cabrera to third
Troy Kenyon to second
Batting: RHB Josh Froyd 0-0: Foul Ball, location: 2F
0-1: Foul Ball, location: 2F
0-2: Foul Ball, location: 2F
0-2: Ball
1-2: Strikes out looking
Bottom of the 9th over - 1 run, 4 hits, 0 errors, 3 left on base; Cleveland 3 - Houston 1
Thursday, December 15th , 2022 - OOTP Baseball 23.9 Build 102